TOP OF THE 1ST |
Mississippi State University Bulldogs batting - Pitching for University of Minnesota Golden Gophers : RHP Adam Wickwire
|
Pitching: RHP Adam Wickwire
|
|
Batting: RHB Logan Strassburg
|
0-0: Ball 1-0: Ball 2-0: Swinging Strike 2-1: Swinging Strike 2-2: Strikes out swinging
|
Batting: LHB Ricardo Ramos
|
0-0: Called Strike 0-1: Ball 1-1: Called Strike 1-2: Strikes out swinging
|
Batting: LHB Danny Shanahan
|
0-0: Called Strike 0-1: Called Strike 0-2: Foul Ball, location: 2F 0-2: Strikes out swinging, 2-3 out at first.
|
Top of the 1st over - 0 runs, 0 hits, 0 errors, 0 left on base; Mississippi State University 0 - University of Minnesota 0 |
BOTTOM OF THE 1ST |
University of Minnesota Golden Gophers batting - Pitching for Mississippi State University Bulldogs : RHP Fernando Montoya
|
Pitching: RHP Fernando Montoya
|
|
Batting: RHB Tatsuyoshi Ikeda
|
0-0: Foul Ball, location: 2F 0-1: Ball 1-1: Ball 2-1: Foul Ball, location: 2F 2-2: Strikes out looking
|
Batting: LHB Josh Rini
|
0-0: Ball 1-0: Swinging Strike 1-1: Foul Ball, location: 2F 1-2: Ball 2-2: Ball 3-2: Strikes out swinging
|
Batting: RHB Ozzie Buendia
|
0-0: Ball 1-0: Foul Ball, location: 2F 1-1: Fly out, F7 (Line Drive, 7LM, EV 87.5 MPH)
|
Bottom of the 1st over - 0 runs, 0 hits, 0 errors, 0 left on base; Mississippi State University 0 - University of Minnesota 0 |
TOP OF THE 2ND |
Mississippi State University Bulldogs batting - Pitching for University of Minnesota Golden Gophers : RHP Adam Wickwire
|
Batting: RHB Josh Stene
|
0-0: Ball 1-0: Swinging Strike 1-1: Ball 2-1: Swinging Strike 2-2: Strikes out swinging
|
Batting: RHB Josh Simmons
|
0-0: Called Strike 0-1: Fly out, F9 (Flyball, 9, EV 85.0 MPH)
|
Batting: RHB Masahito Sunada
|
0-0: Foul Ball, location: 2F 0-1: Ball 1-1: Swinging Strike 1-2: Strikes out swinging
|
Top of the 2nd over - 0 runs, 0 hits, 0 errors, 0 left on base; Mississippi State University 0 - University of Minnesota 0 |
BOTTOM OF THE 2ND |
University of Minnesota Golden Gophers batting - Pitching for Mississippi State University Bulldogs : RHP Fernando Montoya
|
Batting: LHB Dick Shafer
|
0-0: Called Strike 0-1: SINGLE (Groundball, 6MD, EV 106.9 MPH)
|
Batting: RHB Jarrod Strickhouser
|
0-0: Swinging Strike 0-1: Ball 1-1: Swinging Strike 1-2: Strikes out swinging
|
Batting: LHB Jose Moncada
|
0-0: Called Strike 0-1: Called Strike 0-2: Strikes out swinging
|
Batting: RHB Jose Garrido
|
0-0: Foul Ball, location: 2F 0-1: Foul Ball, location: 2F 0-2: Foul Ball, location: 2F 0-2: Ball 1-2: Ball 2-2: Ground out 4-3 (Groundball, 4, EV 93.8 MPH)
|
Bottom of the 2nd over - 0 runs, 1 hit, 0 errors, 1 left on base; Mississippi State University 0 - University of Minnesota 0 |
TOP OF THE 3RD |
Mississippi State University Bulldogs batting - Pitching for University of Minnesota Golden Gophers : RHP Adam Wickwire
|
Batting: RHB Karl Lukasiewicz
|
0-0: Ball 1-0: Ball 2-0: Ball 3-0: Called Strike 3-1: Called Strike 3-2: Ground out 5-3 (Groundball, 56S, EV 84.4 MPH)
|
Batting: LHB Vinnie Kalman
|
0-0: Called Strike 0-1: Foul Ball, location: 2F 0-2: Strikes out swinging
|
Batting: RHB Bill Petipas
|
0-0: Called Strike 0-1: Ball 1-1: Ball 2-1: Swinging Strike 2-2: Ball 3-2: Fly out, F3 (Popup, 3SF, EV 66.9 MPH)
|
Top of the 3rd over - 0 runs, 0 hits, 0 errors, 0 left on base; Mississippi State University 0 - University of Minnesota 0 |
BOTTOM OF THE 3RD |
University of Minnesota Golden Gophers batting - Pitching for Mississippi State University Bulldogs : RHP Fernando Montoya
|
Batting: RHB Ron Gooch
|
0-0: Called Strike 0-1: Ball 1-1: Ball 2-1: Fly out, F8 (Flyball, 8RD, EV 104.4 MPH)
|
Batting: LHB Ivan Villegas
|
0-0: Ball 1-0: Called Strike 1-1: Ball 2-1: Called Strike 2-2: Ball 3-2: Strikes out swinging
|
Batting: RHB Tatsuyoshi Ikeda
|
0-0: Ball 1-0: Foul Ball, location: 2F 1-1: Fly out, F8 (Flyball, 8LM, EV 85.6 MPH)
|
Bottom of the 3rd over - 0 runs, 0 hits, 0 errors, 0 left on base; Mississippi State University 0 - University of Minnesota 0 |
TOP OF THE 4TH |
Mississippi State University Bulldogs batting - Pitching for University of Minnesota Golden Gophers : RHP Adam Wickwire
|
Batting: RHB Logan Strassburg
|
0-0: Swinging Strike 0-1: Foul Ball, location: 2F 0-2: Strikes out swinging
|
Batting: LHB Ricardo Ramos
|
0-0: Called Strike 0-1: Ball 1-1: Foul Ball, location: 2F 1-2: Foul Ball, location: 2F 1-2: Strikes out swinging
|
Batting: LHB Danny Shanahan
|
0-0: Ball 1-0: Ball 2-0: Foul Ball, location: 2F 2-1: Ball 3-1: Base on Balls
|
Batting: RHB Josh Stene
|
0-0: Ball 1-0: Foul Ball, location: 2F 1-1: Ball 2-1: Foul Ball, location: 2F 2-2: Foul Ball, location: 2F 2-2: Ball 3-2: Base on Balls Danny Shanahan to second
|
Batting: RHB Josh Simmons
|
0-0: Foul Ball, location: 2F 0-1: Ball 1-1: Ball 2-1: Ball 3-1: Base on Balls Danny Shanahan to third Josh Stene to second
|
Batting: RHB Masahito Sunada
|
0-0: Called Strike 0-1: Ball 1-1: Ball 2-1: Foul Ball, location: 2F 2-2: Ball 3-2: Reached on error, E6 (Groundball, 6, EV 103.1 MPH) Danny Shanahan scores Josh Stene scores Josh Simmons to third
|
Batting: RHB Karl Lukasiewicz
|
0-0: Ball 1-0: Foul Ball, location: 2F 1-1: Foul Ball, location: 2F 1-2: SINGLE (Line Drive, 7LS, EV 110.6 MPH) Josh Simmons scores Masahito Sunada to third
|
Batting: LHB Vinnie Kalman
|
0-0: Ball 1-0: Swinging Strike 1-1: SINGLE (Groundball, 4MD, EV 97.5 MPH) Masahito Sunada scores Karl Lukasiewicz to second
|
Pitching: RHP Neel de Graaf
|
|
Batting: RHB Bill Petipas
|
0-0: Ball 1-0: Foul Ball, location: 2F 1-1: Called Strike 1-2: Strikes out swinging
|
Top of the 4th over - 4 runs, 2 hits, 1 error, 2 left on base; Mississippi State University 4 - University of Minnesota 0 |
BOTTOM OF THE 4TH |
University of Minnesota Golden Gophers batting - Pitching for Mississippi State University Bulldogs : RHP Fernando Montoya
|
Batting: LHB Josh Rini
|
0-0: Ball 1-0: Called Strike 1-1: Foul Ball, location: 2F 1-2: Foul Ball, location: 2F 1-2: Ball 2-2: Ball 3-2: Fly out, F8 (Flyball, 8RD, EV 96.2 MPH)
|
Batting: RHB Ozzie Buendia
|
0-0: Ground out 3-1 (Groundball, 34, EV 101.2 MPH)
|
Batting: LHB Dick Shafer
|
0-0: Called Strike 0-1: Ball 1-1: Ground out 3-1 (Groundball, 34, EV 87.5 MPH)
|
Bottom of the 4th over - 0 runs, 0 hits, 0 errors, 0 left on base; Mississippi State University 4 - University of Minnesota 0 |
TOP OF THE 5TH |
Mississippi State University Bulldogs batting - Pitching for University of Minnesota Golden Gophers : RHP Neel de Graaf
|
Batting: RHB Logan Strassburg
|
0-0: Called Strike 0-1: Ball 1-1: Ball 2-1: Foul Ball, location: 2F 2-2: Strikes out swinging
|
Batting: LHB Ricardo Ramos
|
0-0: Ball 1-0: Ball 2-0: Ground out 4-3 (Groundball, 4, EV 82.5 MPH)
|
Batting: LHB Danny Shanahan
|
0-0: Ball 1-0: Ball 2-0: Ball 3-0: Base on Balls
|
Batting: RHB Josh Stene
|
0-0: Called Strike 0-1: Called Strike Danny Shanahan steals 2nd, throwing error, E2 Danny Shanahan to third 0-2: Ball 1-2: SINGLE (Groundball, 6MD, EV 97.5 MPH) Danny Shanahan scores
|
Batting: RHB Josh Simmons
|
0-0: Ball 1-0: Ball 2-0: SINGLE (Groundball, 56D, EV 108.1 MPH) Josh Stene to second
|
Batting: RHB Masahito Sunada
|
0-0: Ball 1-0: Ball 2-0: Ball 3-0: Called Strike 3-1: Base on Balls Josh Stene to third Josh Simmons to second
|
Batting: RHB Karl Lukasiewicz
|
0-0: Foul Ball, location: 2F 0-1: Called Strike 0-2: Ball 1-2: Ball 2-2: Foul Ball, location: 2F 2-2: Ball 3-2: Base on Balls Josh Stene scores Josh Simmons to third Masahito Sunada to second
|
Batting: LHB Vinnie Kalman
|
0-0: Ball 1-0: Ball 2-0: Called Strike 2-1: Ground out U3 (Groundball, 3, EV 87.5 MPH)
|
Top of the 5th over - 2 runs, 2 hits, 1 error, 3 left on base; Mississippi State University 6 - University of Minnesota 0 |
BOTTOM OF THE 5TH |
University of Minnesota Golden Gophers batting - Pitching for Mississippi State University Bulldogs : RHP Fernando Montoya
|
Batting: RHB Jarrod Strickhouser
|
0-0: Ball 1-0: Ball 2-0: Foul Ball, location: 2F 2-1: Ground out 5-3 (Groundball, 56S, EV 66.9 MPH)
|
Batting: LHB Jose Moncada
|
0-0: Ball 1-0: Ground out 4-3 (Groundball, 4, EV 87.5 MPH)
|
Batting: RHB Jose Garrido
|
0-0: Foul Ball, location: 2F 0-1: Fly out, F7 (Flyball, 7, EV 94.4 MPH)
|
Bottom of the 5th over - 0 runs, 0 hits, 0 errors, 0 left on base; Mississippi State University 6 - University of Minnesota 0 |
TOP OF THE 6TH |
Mississippi State University Bulldogs batting - Pitching for University of Minnesota Golden Gophers : RHP Neel de Graaf
|
Batting: RHB Bill Petipas
|
0-0: Ball 1-0: Called Strike 1-1: Swinging Strike 1-2: Ball 2-2: Ball 3-2: SINGLE (Groundball, 3D, EV 108.1 MPH)
|
Pitching: RHP Dan Mondro
|
|
Batting: RHB Logan Strassburg
|
0-0: DOUBLE (Flyball, 89D, EV 103.8 MPH) Bill Petipas to third Runner from 3rd tries for Home, throw by CF and OUT! 8-4-2 Logan Strassburg to third
|
Batting: LHB Ricardo Ramos
|
0-0: Ball 1-0: SINGLE (Groundball, 23, EV 65.0 MPH) (infield hit)
|
Batting: LHB Danny Shanahan
|
0-0: Ball 1-0: SINGLE (Line Drive, 5D, EV 93.8 MPH) Logan Strassburg scores Ricardo Ramos to second Runner from 2nd tries for 3rd, SAFE, throw by LF made to third
|
Batting: RHB Josh Stene
|
0-0: TRIPLE (Line Drive, 9D, EV 97.5 MPH) Ricardo Ramos scores Danny Shanahan scores
|
Batting: RHB Josh Simmons
|
0-0: Ball 1-0: Fly out, F7 (Flyball, 78S, EV 93.8 MPH)
|
Batting: RHB Masahito Sunada
|
0-0: Called Strike 0-1: Ball 1-1: DOUBLE (Flyball, 78D, EV 99.4 MPH) Josh Stene scores
|
Pitching: LHP Bing-zhong Sung
|
|
Batting: RHB Karl Lukasiewicz
|
0-0: Ball 1-0: Ball 2-0: Called Strike 2-1: Foul Ball, location: 2F 2-2: Ground out 5-3 (Groundball, 56S, EV 83.1 MPH)
|
Top of the 6th over - 4 runs, 6 hits, 0 errors, 1 left on base; Mississippi State University 10 - University of Minnesota 0 |
BOTTOM OF THE 6TH |
University of Minnesota Golden Gophers batting - Pitching for Mississippi State University Bulldogs : RHP Fernando Montoya
|
Batting: RHB Ron Gooch
|
0-0: SOLO HOME RUN (Flyball, 78XD, EV 111.2 MPH), Distance : 415 ft
|
Batting: LHB Ivan Villegas
|
0-0: Ball 1-0: Called Strike 1-1: Ball 2-1: Fly out, F9 (Flyball, 89S, EV 91.9 MPH)
|
Batting: RHB Tatsuyoshi Ikeda
|
0-0: Ground out 6-3 (Groundball, 6, EV 86.2 MPH)
|
Batting: LHB Josh Rini
|
0-0: Ball 1-0: Ball 2-0: Ball 3-0: Base on Balls
|
Batting: RHB Ozzie Buendia
|
0-0: Called Strike 0-1: Ball Wild Pitch! Josh Rini to second 1-1: Ball 2-1: Fly out, F9 (Line Drive, 89M, EV 91.9 MPH)
|
Bottom of the 6th over - 1 run, 1 hit, 0 errors, 1 left on base; Mississippi State University 10 - University of Minnesota 1 |
TOP OF THE 7TH |
Mississippi State University Bulldogs batting - Pitching for University of Minnesota Golden Gophers : LHP Bing-zhong Sung
|
Batting: LHB Vinnie Kalman
|
0-0: Ball 1-0: SOLO HOME RUN (Flyball, 9LD, EV 93.8 MPH), Distance : 326 ft
|
Batting: RHB Bill Petipas
|
0-0: Ball 1-0: Fly out, F8 (Flyball, 8LM, EV 80.6 MPH)
|
Batting: RHB Logan Strassburg
|
0-0: Ball 1-0: Called Strike 1-1: Fly out, F9 (Flyball, 9, EV 93.1 MPH)
|
Batting: LHB Ricardo Ramos
|
0-0: Foul Ball, location: 2F 0-1: Foul Ball, location: 2F 0-2: Ground out 5-3 (Groundball, 5, EV 103.1 MPH)
|
Top of the 7th over - 1 run, 1 hit, 0 errors, 0 left on base; Mississippi State University 11 - University of Minnesota 1 |
BOTTOM OF THE 7TH |
University of Minnesota Golden Gophers batting - Pitching for Mississippi State University Bulldogs : RHP Fernando Montoya
|
Pitching: RHP Tony Renteria
|
|
Pinch Hitting: RHB Mike Satterfield
|
0-0: Foul Ball, location: 2F 0-1: Ball 1-1: SINGLE (Groundball, 6MD, EV 95.6 MPH)
|
Batting: RHB Jarrod Strickhouser
|
0-0: SINGLE (Groundball, 34, EV 103.1 MPH) Mike Satterfield to second
|
Batting: LHB Jose Moncada
|
0-0: Ball Wild Pitch! Mike Satterfield to third Jarrod Strickhouser to second 1-0: Foul Ball, location: 2F 1-1: Ground out 5-3 (Groundball, 56, EV 90.6 MPH) Mike Satterfield scores
|
Batting: RHB Jose Garrido
|
0-0: Called Strike 0-1: 2-RUN HOME RUN (Flyball, 89XD, EV 103.1 MPH), Distance : 407 ft
|
Batting: RHB Ron Gooch
|
0-0: Ball 1-0: Called Strike 1-1: Swinging Strike 1-2: Ball 2-2: Foul Ball, location: 2F 2-2: Ball 3-2: Foul Ball, location: 2F 3-2: Reached on error, E5 (Groundball, 56, EV 97.5 MPH)
|
Batting: LHB Ivan Villegas
|
0-0: Fly out, F7 (Flyball, 7S, EV 85.0 MPH)
|
Batting: RHB Tatsuyoshi Ikeda
|
0-0: Called Strike 0-1: Foul Ball, location: 2F 0-2: Ball 1-2: Ball 2-2: Foul Ball, location: 2F 2-2: Ball 3-2: Reached on error, E6 (Groundball, 6, EV 86.2 MPH) Ron Gooch to second
|
Batting: LHB Josh Rini
|
0-0: Foul Ball, location: 2F 0-1: Foul Ball, location: 2F 0-2: Ball 1-2: Ball 2-2: Ground out 3-1 (Groundball, 34, EV 106.2 MPH)
|
Bottom of the 7th over - 3 runs, 3 hits, 2 errors, 2 left on base; Mississippi State University 11 - University of Minnesota 4 |
TOP OF THE 8TH |
Mississippi State University Bulldogs batting - Pitching for University of Minnesota Golden Gophers : LHP Bing-zhong Sung
|
Now in LF: Bobby Agterberg
|
|
Batting: LHB Danny Shanahan
|
0-0: Fly out, F7 (Flyball, 78M, EV 93.8 MPH)
|
Batting: RHB Josh Stene
|
0-0: Swinging Strike 0-1: Ball 1-1: Swinging Strike 1-2: Ball 2-2: Strikes out swinging
|
Batting: RHB Josh Simmons
|
0-0: Called Strike 0-1: Hit by Pitch
|
Batting: RHB Masahito Sunada
|
0-0: Fielders Choice at 2nd, 6-4 (Groundball, 6, EV 83.1 MPH)
|
Top of the 8th over - 0 runs, 0 hits, 0 errors, 1 left on base; Mississippi State University 11 - University of Minnesota 4 |
BOTTOM OF THE 8TH |
University of Minnesota Golden Gophers batting - Pitching for Mississippi State University Bulldogs : RHP Tony Renteria
|
Batting: RHB Ozzie Buendia
|
0-0: Called Strike 0-1: Ball 1-1: Foul Ball, location: 2F 1-2: Ball 2-2: Ball 3-2: Base on Balls
|
Batting: LHB Bobby Agterberg
|
0-0: Called Strike 0-1: Ball 1-1: Called Strike 1-2: Foul Ball, location: 2F 1-2: Fielders Choice at 2nd, 5-4 (Groundball, 5, EV 86.2 MPH)
|
Batting: RHB Jarrod Strickhouser
|
0-0: Fly out, F9 (Flyball, 89S, EV 71.2 MPH)
|
Pitching: LHP Tony Herrera
|
|
Batting: LHB Jose Moncada
|
0-0: Ground out 4-3 (Groundball, 4, EV 106.2 MPH)
|
Bottom of the 8th over - 0 runs, 0 hits, 0 errors, 1 left on base; Mississippi State University 11 - University of Minnesota 4 |
TOP OF THE 9TH |
Mississippi State University Bulldogs batting - Pitching for University of Minnesota Golden Gophers : LHP Bing-zhong Sung
|
Batting: RHB Karl Lukasiewicz
|
0-0: Ball 1-0: Ball 2-0: Called Strike 2-1: Foul Ball, location: 2F 2-2: Foul Ball, location: 2F 2-2: Hit by Pitch
|
Pinch Hitting: RHB Alvin Abarca
|
0-0: Ball 1-0: Ball 2-0: Called Strike 2-1: Swinging Strike 2-2: Ball 3-2: Base on Balls Karl Lukasiewicz to second
|
Pitching: LHP Kadidu Kiprotich
|
|
Pinch Hitting: RHB Eric Riley
|
0-0: Foul Ball, location: 2F 0-1: Ball 1-1: Foul Ball, location: 2F 1-2: Ball 2-2: Strikes out swinging
|
Batting: RHB Logan Strassburg
|
0-0: Ball 1-0: Ball 2-0: SINGLE (Groundball, 6, EV 97.5 MPH) Karl Lukasiewicz to third Alvin Abarca to second
|
Batting: LHB Ricardo Ramos
|
0-0: Ball 1-0: Ball 2-0: Ball 3-0: Swinging Strike 3-1: Foul Ball, location: 2F 3-2: Strikes out swinging
|
Batting: LHB Danny Shanahan
|
0-0: Fielders Choice at 2nd, 6-4 (Groundball, 6, EV 103.8 MPH)
|
Top of the 9th over - 0 runs, 1 hit, 0 errors, 3 left on base; Mississippi State University 11 - University of Minnesota 4 |
BOTTOM OF THE 9TH |
University of Minnesota Golden Gophers batting - Pitching for Mississippi State University Bulldogs : LHP Tony Herrera
|
Now at 1B: Alvin Abarca
|
|
Now at SS: Eric Riley
|
|
Pinch Hitting: SHB Marty Kuehn
|
0-0: Ball 1-0: Swinging Strike 1-1: Called Strike 1-2: Strikes out swinging
|
Batting: RHB Ron Gooch
|
0-0: Fly out, F9 (Line Drive, 9LM, EV 90.0 MPH)
|
Batting: LHB Ivan Villegas
|
0-0: Ball 1-0: Swinging Strike 1-1: DOUBLE (Line Drive, 7LS, EV 104.4 MPH)
|
Batting: RHB Tatsuyoshi Ikeda
|
0-0: Ball 1-0: 2-RUN HOME RUN (Flyball, 7LD, EV 92.5 MPH), Distance : 332 ft
|
Batting: LHB Josh Rini
|
0-0: Foul Ball, location: 2F 0-1: Ball 1-1: SINGLE (Groundball, 4MD, EV 94.4 MPH)
|
Batting: RHB Ozzie Buendia
|
0-0: Ball 1-0: Fielders Choice at 2nd, 5-4 (Groundball, 56, EV 91.9 MPH)
|
Bottom of the 9th over - 2 runs, 3 hits, 0 errors, 1 left on base; Mississippi State University 11 - University of Minnesota 6 |
|